 Dungeon Sprint DCSS version 0.21-a0-50-g941c862 (webtiles) character file.

34982086 Kidiri the Heavyweight Champion (level 20, 223/240 (248) HPs)
             Began as a Troll Monk on June 11, 2017.
             Was the Champion of Wu Jian.
             Escaped with the Orb
             ... and 10 runes!
             The game lasted 02:28:46 (18274 turns).

Kidiri the Heavyweight Champion (Troll Monk)       Turns: 18274, Time: 02:28:47

HP:   223/240 (248) AC: 31    Str: 41    XL:     20   Next: 53%
MP:   36/36         EV: 32    Int:  6    God:    Wu Jian [******]
Gold: 1612          SH: 34    Dex: 25    Spells: 19/19 levels left

rFire    + . .     SeeInvis .     - Unarmed
rCold    + + .     Gourm    +   l - +6 large shield {reflect}
rNeg     + + .     Faith    .   j - +0 ice dragon scales of Qofiez {rF- rC++ MR+ Regen+ Str+4}
rPois    +         Spirit   +   J - +2 hat
rElec    +         Reflect  +   Q - +4 dragonskin cloak
rCorr    +         Harm     .   (gloves unavailable)
MR       +....     NoTele   +   (boots unavailable)
Stlth    +++.......             L - amulet "Vicvoo" {Spirit *Contam Str+6 Int+4}
Regen    1.3/turn               X - ring "Tedit" {*Drain *Slow MP+9 Str+9 Dex+7}
MPRegen  0.3/turn               S - ring "Damnable Contraption" {rCorr rPois rF++ rN+ MR-}

@: very slightly contaminated
A: unfitting armour, claws 3, icy blue scales 1, slimy green scales 1, blurry
vision 1, dopey 2, fast metabolism 3, gourmand, low mp 1, poison resistance,
regeneration 1, shaggy fur 1, tough skin 2, weak 1, no potion heal 1
0: Orb of Zot
}: 10/10 runes: decaying, barnacled, slimy, silver, golden, iron, obsidian, icy,
bone, demonic
a: Serpent's Lash, Heavenly Storm, Renounce Religion


You escaped.
You worshipped Wu Jian.
Wu Jian was exalted by your worship.
You were full.

You visited 1 branch You collected 6031 gold pieces.
You spent 4419 gold pieces at shops.

Inventory:

Missiles
 e - 6 tomahawks
 u - 14 large rocks
 v - 2 large rocks of returning (quivered)
 H - 13 throwing nets
 R - 6 poisoned javelins
Armour
 d - a scarf of repulsion
 h - a +2 cloak of magic resistance
 j - the +0 ice dragon scales of Qofiez (worn) {rF- rC++ MR+ Regen+ Str+4}
   (You found it in the Dungeon)

   It affects your strength (+4).
   It makes you vulnerable to fire.
   It greatly protects you from cold.
   It affects your resistance to hostile enchantments.
   It increases your rate of regeneration.
 l - a +6 large shield of reflection (worn)
 p - a +0 cloak
 q - +0 fire dragon scales
 C - a +0 robe of resistance
 J - a +2 hat (worn)
 Q - the +4 dragonskin cloak (worn)
   (You took it off Tiamat in the Dungeon)
 Y - the +4 large shield of the Gate {rF- Str+4}
   (You acquired it in the Dungeon)

   It affects your strength (+4).
   It makes you vulnerable to fire.
Jewellery
 t - the ring of Scepticism {Wiz rN+++ Dex+6 Stlth-}
   (You took it off a frost giant in the Dungeon)

   [ring of wizardry]

   It improves your spell success rate.
   It affects your dexterity (+6).
   It renders you almost immune to negative energy.
   It makes you less stealthy.
 L - the amulet "Vicvoo" (around neck) {Spirit *Contam Str+6 Int+4}
   (You bought it in a shop in the Dungeon)

   [amulet of guardian spirit]

   It causes incoming damage to be split between your health and magic.
   It affects your strength (+6).
   It affects your intelligence (+4).
   It causes magical contamination when unequipped.
 M - an uncursed ring of flight
 S - the ring "Damnable Contraption" (right claw) {rCorr rPois rF++ rN+ MR-}
   (You took it off a deep elf annihilator in the Dungeon)

   [ring of resist corrosion]

   It greatly protects you from fire.
   It protects you from poison.
   It protects you from negative energy.
   It affects your resistance to hostile enchantments.
 X - the ring "Tedit" (left claw) {*Drain *Slow MP+9 Str+9 Dex+7}
   (You took it off a deep elf high priest in the Dungeon)

   [ring of magical power]

   It affects your strength (+9).
   It affects your dexterity (+7).
   It affects your magic capacity (+9).
   It causes draining when unequipped.
   It may slow you when you take damage.
Wands
 b - a wand of digging (12/24)
 f - a wand of clouds (2/9)
 g - a wand of disintegration (18/24)
 k - a wand of scattershot (4/9)
 E - a wand of lightning (8/15)
 F - a wand of iceblast (2/15)
 I - a wand of acid (5/15)
 U - a wand of digging (6/24)
Scrolls
 c - 5 scrolls of identify
 i - 3 scrolls of blinking
 m - 3 scrolls of fear
 o - a scroll of immolation
 y - a scroll of holy word
 K - a scroll of recharging
 T - 5 scrolls of silence
Potions
 a - 7 potions of haste
 r - 18 potions of curing
 s - a potion of ambrosia
 x - a potion of lignification
 z - 3 potions of magic
 A - 4 potions of might
 B - 13 potions of heal wounds
 D - 6 potions of agility
 G - 5 potions of resistance
 N - a potion of berserk rage
Miscellaneous
 w - the horn of Geryon
 P - a sack of spiders
Comestibles
 n - 2 meat rations
 O - 8 royal jellies


   Skills:
 * Level 25.0 Fighting
   Level 10.2 Bows
 + Level 21.4 Throwing
 + Level 18.7 Armour
 * Level 25.6 Dodging
 * Level 20.8 Stealth
 * Level 21.4 Shields
 O Level 27 Unarmed Combat
 + Level 15.7 Evocations


You had 19 spell levels left.
You didn't know any spells.

Dungeon Overview and Level Annotations

Branches:
Dungeon (1/1)

Altars:
Cheibriados
Dithmenos
Elyvilon
Fedhas
Gozag
Hepliaklqana
Kikubaaqudgha
Makhleb
Nemelex Xobeh
Okawaru
Qazlal
Ru
Sif Muna
Trog
Uskayaw
Vehumet
Wu Jian
Xom
Yredelemnul
Zin
The Shining One
Beogh
Jiyva
Lugonu

Shops:
D %=(?(?=}[[}!}=:!%}!(*[?


Innate Abilities, Weirdness & Mutations

You are too large for most types of armour.
You have claws for hands.
Your metabolism is lightning-fast.
You like to eat raw meat.
Your natural rate of healing is unusually fast.
You are covered in fur. (AC +1)
You have very tough skin. (AC +2)
You are partially covered in icy blue scales. (AC +2)
You are partially covered in slimy green scales. (AC +2)
Scrolls take you a little longer to read.
You are very dopey. (Int -4)
Your magical capacity is low. (-10% MP)
Your system is resistant to poisons. (rPois)
You are weak. (Str -2)
Potions are less effective at restoring your health.


Message History

You block the orange demon's attack. You block the orange demon's attack. x2
You mangle the orange demon!!
The orange demon is heavily wounded.
You block the orange demon's attack. x2
You completely miss the orange demon.
The orange demon is heavily wounded.
You eviscerate the orange demon!!!
You kill the orange demon!
The Council accepts your kill.
Your Fighting skill increases to level 25!
No target in view!
No target in view!
No target in view!
No target in view!
No target in view!
No target in view!
You hear a distant "Zot"!
There is a staircase leading out of the dungeon here.
You have escaped!

▓▓▓▓▓▓▓▓▓ ▓▓
▓@..#...#### ##.
▓...#......#####..
▓..##.......#..#..
▓##.##.##...#..#..
##.##.###..##+#..
▓#.####.##..###...
▓.###..##..####...
▓#.....##..###....
###..##...##.....


There were no monsters in sight!

Vanquished Creatures
  Antaeus (D)
  Gloorx Vloq (D)
  the Royal Jelly (D)
  Ereshkigal (D)
  the Serpent of Hell (D)
  Dispater (D)
  An orb of fire (D)
  Tiamat (D)
  Mara (D)
  An ancient lich (D)
  Mennas (D)
  Boris (D)
  5 greater mummies (D)
  the Lernaean hydra (D)
  Frederick (D)
  A Killer Klown (D)
  Nikola (D)
  Geryon (D)
  2 bone dragons (D)
  Nellie (D)
  3 Brimstone Fiends (D)
  A lich (D)
  An iron giant (D)
  3 pandemonium lords (D)
  An electric golem (D)
  Rupert (D)
  5 Ice Fiends (D)
  3 Hell Sentinels (D)
  8 Orb Guardians (D)
  10 acid blobs (D)
  4 deep elf blademasters (D)
  A titan (D)
  An eldritch tentacle (D)
  A kraken (D)
  2 Executioners (D)
  An ancient champion (D)
  Harold (D)
  2 sphinxes (D)
  Gastronok (D)
  A storm dragon (D)
  5 shadow dragons (D)
  Chuck (D)
  Roxanne (D)
  7 azure jellies (D)
  3 frost giants (D)
  3 draconian knights (D)
  A fire giant (D)
  3 ghost moths (D)
  An iron dragon (D)
  A draconian shifter (D)
  3 draconian stormcallers (D)
  4 stone giants (D)
  5 vampire knights (D)
  4 war gargoyles (D)
  Nessos (D)
  A deep elf demonologist (D)
  A yellow draconian (D)
  Azrael (D)
  3 deep elf annihilators (D)
  2 dire elephants (D)
  Snorg (D)
  6 death oozes (D)
  2 deep elf high priests (D)
  10 mummy priests (D)
  A fire dragon (D)
  A great orb of eyes (shapeshifter) (D)
  17 vault guards (D)
  3 yaktaur captains (D)
  A rakshasa (D)
  A hydra (D)
  3 hell beasts (D)
  3 centaur warriors (D)
  2 alligator snapping turtles (D)
  4 dancing weapons (D)
  4 death yaks (D)
  A titan zombie (D)
  An ogre mage (D)
  2 iron elementals (D)
  Urug (D)
  An iron golem (D)
  3 orc high priests (D)
  2 soul eaters (D)
  2 deep elf knights (D)
  3 sun demons (D)
  9 skeletal warriors (D)
  A shadow wraith (D)
  2 sixfirhies (D)
  A spriggan druid (D)
  A glowing orange brain (D)
  2 glowing orange brains (shapeshifter) (D)
  A death drake (D)
  2 orange crystal statues (D)
  A shadow demon (D)
  A deep troll (shapeshifter) (D)
  3 kraken simulacra (D)
  An unseen horror (D)
  An obsidian statue (D)
  2 swamp dragons (D)
  Joseph (D)
  A lindwurm (D)
  5 ugly things (D)
  2 oklob plants (D)
  4 crystal guardians (D)
  5 deep elf magi (D)
  A moth of wrath (D)
  5 shining eyes (D)
  A moth of wrath (shapeshifter) (D)
  An iron troll simulacrum (D)
  2 elephants (D)
  A molten gargoyle (D)
  2 black mambas (D)
  3 rust devils (D)
  8 statues (D)
  2 spiny frogs (D)
  An orange demon (D)
  3 stone giant skeletons (D)
  A rime drake (D)
  A komodo dragon (D)
  2 ice devils (D)
  A hellwing (D)
  10 yaktaurs (D)
  3 anaconda simulacra (D)
  A red devil (D)
  25 guardian mummies (D)
  3 wandering mushrooms (D)
  A queen bee (D)
  4 spriggan defenders (D)
  2 hornets (D)
  4 snapping turtles (D)
  2 tyrant leeches (D)
  8 blink frogs (D)
  10 slime creatures (D)
  2 spriggans (D)
  3 redbacks (D)
  6 shadows (D)
  A golden eye (D)
  A chaos spawn (D)
  A spatial vortex (D)
  2 hydra simulacra (D)
  4 floating eyes (D)
  2 orc warriors (D)
  3 swamp drakes (D)
  A fire dragon simulacrum (D)
  A black mamba simulacrum (D)
  A necrophage (D)
  2 centaurs (D)
  An earth elemental (D)
  A water elemental (D)
  32 killer bees (D)
  2 electric eels (D)
  16 quasits (D)
  A jelly (D)
  5 orc priests (D)
  2 orc wizards (D)
  A wizard (D)
  3 necromancers (D)
  3 humans (D)
  A kobold demonologist (D)
  2 oozes (D)
  A phantom (D)
  A ball lightning (D)
  10 orcs (D)
  A ball python simulacrum (D)
  A ball python zombie (D)
  2 rats (D)
  3 ballistomycetes (D)
  A ballistomycete spore (D)
  7 bushes (D)
  8 butterflies (D)
  31 plants (D)
  3 tentacles (D)
525 creatures vanquished.

Vanquished Creatures (others)
  2 draconian scorchers (D)
  2 hydras (D)
  A statue (D)
  4 yaktaurs (D)
  6 hellions (D)
  An electric eel (D)
  3 ball lightnings (D)
  4 ballistomycete spores (D)
  A bush (D)
  A fungus (D)
  17 plants (D)
  11 tentacles (D)
53 creatures vanquished.

Grand Total: 578 creatures vanquished

Notes
Turn   | Place    | Note
-------+----------+-------------------------------------------
     0 | D        | Kidiri the Troll Monk began the quest for the Orb.
     0 | D        | Reached XP level 1. HP: 22/22 MP: 0/0
    14 | D        | Reached XP level 2. HP: 29/29 MP: 1/1
    59 | D        | Reached skill level 1 in Armour
    94 | D        | Reached skill level 4 in Unarmed Combat
    94 | D        | Reached XP level 3. HP: 22/37 MP: 2/2
   110 | D        | Gained mutation: Your mind is acute. (Int +2) [potion of mutation]
   110 | D        | Lost mutation: Your mind is acute. (Int +2) [potion of mutation]
   110 | D        | Gained mutation: Your spells are a little harder to cast, but a little more powerful. [potion of mutation]
   111 | D        | Lost mutation: Your spells are a little harder to cast, but a little more powerful. [potion of mutation]
   111 | D        | Gained mutation: Scrolls take you a little longer to read. [potion of mutation]
   111 | D        | Gained mutation: You are partially covered in icy blue scales. (AC +2) [potion of mutation]
   111 | D        | Gained mutation: Your system is resistant to poisons. (rPois) [potion of mutation]
   111 | D        | Gained mutation: You are partially covered in slimy green scales. (AC +2) [potion of mutation]
   127 | D        | Noticed a water elemental
   132 | D        | Killed a water elemental
   132 | D        | Reached XP level 4. HP: 30/48 MP: 3/3
   142 | D        | Killed a hellion
   165 | D        | Found an ornate altar of the Wu Jian Council.
   165 | D        | Found an iron altar of Okawaru.
   166 | D        | Found a roughly hewn altar of Beogh.
   166 | D        | Found a bloodstained altar of Trog.
   166 | D        | Found a hide-covered altar of Uskayaw.
   166 | D        | Noticed a human
   166 | D        | Noticed a human
   168 | D        | Became a worshipper of the Wu Jian Council
   168 | D        | Reached * piety under Wu Jian
   168 | D        | Reached ** piety under Wu Jian
   174 | D        | Killed a human
   174 | D        | Reached skill level 5 in Fighting
   174 | D        | Reached skill level 5 in Dodging
   174 | D        | Reached skill level 6 in Unarmed Combat
   174 | D        | Reached XP level 5. HP: 57/57 MP: 4/4
   174 | D        | Killed a hellion
   177 | D        | Killed a hellion
   177 | D        | Killed a hellion
   178 | D        | Killed a hellion
   181 | D        | Killed a human
   181 | D        | Reached skill level 7 in Unarmed Combat
   181 | D        | Reached XP level 6. HP: 59/67 MP: 5/5
   193 | D        | Killed a yaktaur
   212 | D        | Killed a white draconian scorcher
   232 | D        | Found a radiant altar of Vehumet.
   232 | D        | Killed a hellion
   233 | D        | Found a deep blue altar of Sif Muna.
   233 | D        | Found an ancient bone altar of Kikubaaqudgha.
   238 | D        | Killed a white draconian scorcher
   242 | D        | Reached *** piety under Wu Jian
   261 | D        | Found a glowing silver altar of Zin.
   262 | D        | Found a glowing golden altar of the Shining One.
   262 | D        | Found a white marble altar of Elyvilon.
   262 | D        | Noticed a deep elf mage
   266 | D        | Killed a deep elf mage
   266 | D        | Reached skill level 5 in Stealth
   266 | D        | Reached skill level 8 in Unarmed Combat
   266 | D        | Reached XP level 7. HP: 78/78 MP: 6/6
   280 | D        | Found a basalt altar of Yredelemnul.
   280 | D        | Found a shadowy altar of Dithmenos.
   280 | D        | Found a sacrificial altar of Ru.
   361 | D        | Noticed a shadow
   366 | D        | Killed a shadow
   366 | D        | Reached **** piety under Wu Jian
   366 | D        | Reached XP level 8. HP: 79/87 MP: 7/7
   369 | D        | Reached skill level 9 in Unarmed Combat
   386 | D        | Found a blossoming altar of Fedhas.
   386 | D        | Found a stormy altar of Qazlal.
   387 | D        | Found a snail-covered altar of Cheibriados.
   387 | D        | Found a burning altar of Makhleb.
   387 | D        | Found a hazy altar of Hepliaklqana.
   387 | D        | Found a shimmering altar of Xom.
   387 | D        | Found an opulent altar of Gozag.
   387 | D        | Found a sparkling altar of Nemelex Xobeh.
   387 | D        | Found a corrupted altar of Lugonu.
   387 | D        | Found a viscous altar of Jiyva.
   421 | D        | Noticed Snorg
   430 | D        | Killed Snorg
   430 | D        | Reached skill level 5 in Armour
   430 | D        | Reached skill level 10 in Unarmed Combat
   430 | D        | Reached XP level 9. HP: 16/97 MP: 8/8
   611 | D        | Noticed a centaur warrior
   617 | D        | Killed a centaur warrior
   618 | D        | Reached ***** piety under Wu Jian
   696 | D        | Noticed an unseen horror
   698 | D        | Killed an unseen horror
   698 | D        | Reached skill level 11 in Unarmed Combat
   722 | D        | Reached skill level 1 in Bows
   744 | D        | Reached XP level 10. HP: 97/109 MP: 9/9
   763 | D        | Reached ****** piety under Wu Jian
   770 | D        | Reached skill level 10 in Dodging
   887 | D        | Reached skill level 10 in Fighting
  1079 | D        | Killed a five-headed hydra
  1089 | D        | Noticed a spiny frog
  1089 | D        | Noticed a spiny frog
  1092 | D        | Killed a spiny frog
  1092 | D        | Reached skill level 12 in Unarmed Combat
  1093 | D        | Killed a spiny frog
  1149 | D        | Killed a six-headed hydra
  1288 | D        | Noticed a lindwurm
  1293 | D        | Killed a lindwurm
  1306 | D        | Noticed Urug
  1311 | D        | Killed Urug
  1311 | D        | Reached XP level 11. HP: 84/120 MP: 10/10
  1426 | D        | Reached skill level 1 in Throwing
  1563 | D        | Reached skill level 13 in Unarmed Combat
  1702 | D        | Found Xohekunn's Magic Scroll Boutique.
  1703 | D        | Noticed an orc high priest
  1703 | D        | Noticed an orc high priest
  1709 | D        | Killed an orc high priest
  1717 | D        | Killed an orc high priest
  1849 | D        | Noticed a deep elf mage
  1849 | D        | Noticed a deep elf mage
  1849 | D        | Noticed a deep elf mage
  1849 | D        | Noticed a deep elf mage
  1849 | D        | Noticed a deep elf knight
  1860 | D        | Killed a deep elf knight
  1866 | D        | Killed a deep elf mage
  1868 | D        | Killed a deep elf mage
  1877 | D        | HP: 4/123 [demonic crawler[a deep elf mage] (9)]
  1880 | D        | Killed a deep elf mage
  1882 | D        | Killed a deep elf mage
  1943 | D        | Noticed a deep elf annihilator
  2066 | D        | Noticed a deep elf annihilator
  2069 | D        | Noticed a deep elf high priest
  2113 | D        | Noticed a deep elf high priest
  2113 | D        | Noticed a deep elf demonologist
  2225 | D        | Bought a scroll of identify for 22 gold pieces
  2231 | D        | Bought a scroll of fear for 38 gold pieces
  2231 | D        | Bought a scroll of enchant armour for 82 gold pieces
  2264 | D        | Noticed Harold
  2264 | D        | Noticed Joseph
  2266 | D        | Killed Harold
  2269 | D        | Killed Joseph
  2269 | D        | Reached skill level 14 in Unarmed Combat
  2393 | D        | Noticed Rupert
  2398 | D        | Killed Rupert
  2398 | D        | Reached skill level 5 in Bows
  2398 | D        | Reached XP level 12. HP: 114/132 MP: 11/11
  2422 | D        | Noticed a death yak
  2423 | D        | Noticed a death yak
  2427 | D        | Killed a death yak
  2428 | D        | Noticed a death yak
  2429 | D        | Noticed a death yak
  2434 | D        | Killed a death yak
  2446 | D        | Killed a death yak
  2446 | D        | Reached skill level 5 in Throwing
  2453 | D        | Killed a death yak
  2488 | D        | HP: 1/133 [black mamba (17)]
  2491 | D        | Reached skill level 10 in Stealth
  2665 | D        | Noticed an azure jelly
  2665 | D        | Noticed an azure jelly
  2676 | D        | Noticed a kraken
  2688 | D        | Killed a kraken
  2688 | D        | Reached skill level 15 in Unarmed Combat
  2861 | D        | Noticed an alligator snapping turtle
  2862 | D        | Found Beaq's Antique Weapon Shop.
  2862 | D        | Found Vegaal's Jewellery Boutique.
  2862 | D        | Found Unta's Food Shoppe.
  2862 | D        | Noticed an alligator snapping turtle
  2924 | D        | Killed an alligator snapping turtle
  3102 | D        | Killed an alligator snapping turtle
  3136 | D        | Got a barnacled rune of Zot
  3264 | D        | Noticed an azure jelly
  3264 | D        | Noticed an azure jelly
  3420 | D        | Found Suden's Food Emporium.
  3420 | D        | Found Hyexisen's Distillery.
  3420 | D        | Found Oloan's Magic Scroll Shoppe.
  3420 | D        | Found Imias's Distillery.
  3420 | D        | Found Xaol's Gadget Emporium.
  3420 | D        | Found Goskaeg's Antique Armour Shop.
  3420 | D        | Found Nugaw's Assorted Antiques.
  3420 | D        | Found Liedo's Antique Weapon Boutique.
  3421 | D        | Found Yvvaruj's Book Boutique.
  3421 | D        | Found Roset's Distillery.
  3421 | D        | Found Viyclu's Jewellery Shop.
  3421 | D        | Found Seh Vito's Gadget Emporium.
  3444 | D        | Bought a cloak for 112 gold pieces
  3444 | D        | Bought a runed robe for 92 gold pieces
  3460 | D        | Bought a granite ring for 110 gold pieces
  3460 | D        | Bought a knobbly sapphire ring for 110 gold pieces
  3487 | D        | Bought an uncursed ring of flight for 175 gold pieces
  3487 | D        | Bought a +4 ring of dexterity for 270 gold pieces
  3495 | D        | Bought a scroll of identify for 24 gold pieces
  3495 | D        | Bought 2 scrolls of fear for 84 gold pieces
  3495 | D        | Bought 3 scrolls of identify for 72 gold pieces
  3495 | D        | Bought 2 scrolls of identify for 48 gold pieces
  3495 | D        | Bought a scroll of identify for 24 gold pieces
  3495 | D        | Bought a scroll of blinking for 90 gold pieces
  3495 | D        | Bought a scroll of identify for 24 gold pieces
  3495 | D        | Bought a scroll of identify for 24 gold pieces
  3503 | D        | Bought a potion of might for 48 gold pieces
  3503 | D        | Bought a potion of curing for 36 gold pieces
  3503 | D        | Bought a potion of resistance for 120 gold pieces
  3503 | D        | Bought a potion of heal wounds for 60 gold pieces
  3503 | D        | Bought a potion of curing for 36 gold pieces
  3503 | D        | Bought a potion of curing for 36 gold pieces
  3505 | D        | Bought a potion of heal wounds for 50 gold pieces
  3505 | D        | Bought a potion of might for 40 gold pieces
  3505 | D        | Bought a potion of curing for 30 gold pieces
  3505 | D        | Bought 2 potions of curing for 60 gold pieces
  3511 | D        | Bought a manual of Throwing for 1214 gold pieces
  3512 | D        | Bought a potion of might for 52 gold pieces
  3512 | D        | Bought a potion of agility for 52 gold pieces
  3512 | D        | Bought a potion of might for 52 gold pieces
  3512 | D        | Bought a potion of curing for 39 gold pieces
  3613 | D        | Noticed a deep elf blademaster
  3623 | D        | Noticed a deep elf annihilator
  4140 | D        | Killed a deep elf annihilator
  4471 | D        | Reached XP level 13. HP: 127/144 MP: 12/12
  4524 | D        | Reached skill level 1 in Evocations
  4658 | D        | Noticed a fire dragon
  4662 | D        | Killed a fire dragon
  4769 | D        | Reached skill level 16 in Unarmed Combat
  4935 | D        | Killed a deep elf annihilator
  5321 | D        | Reached skill level 10 in Armour
  5426 | D        | Killed a deep elf demonologist
  5448 | D        | Killed a deep elf annihilator
  5545 | D        | Killed a deep elf blademaster
  5561 | D        | Got a brightly glowing iron ring
  5580 | D        | Got a scorched wooden ring
  5599 | D        | Got a twitching brass ring
  5753 | D        | Identified the ring "Ilygh" {Ice MR+} (You found it in the Dungeon)
  5755 | D        | Identified the ring "Damnable Contraption" {rCorr rPois rF++ rN+ MR-} (You took it off a deep elf annihilator in the Dungeon)
  5757 | D        | Identified the ring "Tedit" {*Drain *Slow MP+9 Str+9 Dex+7} (You took it off a deep elf high priest in the Dungeon)
  6010 | D        | Noticed a minotaur
  6010 | D        | a glowing shapeshifter changed into a minotaur
  6020 | D        | Noticed an ettin
  6020 | D        | a minotaur changed into an ettin
  6029 | D        | an ettin changed into a great orb of eyes
  6129 | D        | Noticed a vampire knight
  6131 | D        | Killed a vampire knight
  6234 | D        | Reached skill level 10 in Throwing
  6234 | D        | Reached XP level 14. HP: 157/157 MP: 16/16
  6239 | D        | Noticed a bone dragon
  6250 | D        | Killed a bone dragon
  6250 | D        | Reached skill level 17 in Unarmed Combat
  6455 | D        | Paralysed by a Zot trap for 4 turns
  6469 | D        | Noticed a bone dragon
  6472 | D        | Killed a bone dragon
  6472 | D        | Reached skill level 15 in Dodging
  6472 | D        | Reached skill level 5 in Evocations
  6542 | D        | Noticed a vampire knight
  6547 | D        | Killed a vampire knight
  6574 | D        | Noticed a vampire knight
  6576 | D        | Killed a vampire knight
  6576 | D        | Reached skill level 15 in Fighting
  6619 | D        | Noticed a sphinx
  6619 | D        | Noticed a sphinx
  6623 | D        | Paralysed by a sphinx for 5 turns
  6630 | D        | Killed a sphinx
  6631 | D        | Killed a sphinx
  6998 | D        | Noticed a reaper
  7069 | D        | Noticed Chuck
  7074 | D        | Killed Chuck
  7074 | D        | Reached skill level 18 in Unarmed Combat
  7183 | D        | Got polished ice dragon scales
  7259 | D        | Noticed Frederick
  7270 | D        | Killed Frederick
  7367 | D        | Noticed a lich
  7376 | D        | Killed a lich
  7376 | D        | Reached skill level 1 in Shields
  7391 | D        | Noticed a shadow dragon
  7392 | D        | Noticed a shadow dragon
  7404 | D        | Killed a shadow dragon
  7405 | D        | Killed a shadow dragon
  7405 | D        | Reached XP level 15. HP: 94/169 MP: 18/18
  7608 | D        | Identified the cursed +0 ice dragon scales of Qofiez {rF- rC++ MR+ Regen+ Str+4} (You found it in the Dungeon)
  7864 | D        | Noticed Azrael
  7869 | D        | Killed Azrael
  7971 | D        | Noticed Gastronok
  7987 | D        | Killed Gastronok
  8383 | D        | Killed an azure jelly
  8383 | D        | Reached skill level 5 in Shields
  8383 | D        | Reached skill level 19 in Unarmed Combat
  8389 | D        | Killed an azure jelly
  8394 | D        | Killed an azure jelly
  8397 | D        | Killed an azure jelly
  8538 | D        | Found Zatin's Antique Weapon Emporium.
  8538 | D        | Found Ewnekeff's Magic Scroll Shop.
  8543 | D        | Found Cenell's Jewellery Shoppe.
  8555 | D        | Bought the amulet "Vicvoo" {Spirit *Contam Str+6 Int+4} for 524 gold pieces
  8593 | D        | Found a blossoming altar of Fedhas.
  8769 | D        | Got a crystal hand axe
  9107 | D        | Noticed a shadow dragon
  9121 | D        | Noticed a frost giant
  9136 | D        | Killed a frost giant
  9207 | D        | Noticed a titan
  9207 | D        | Noticed a shadow dragon
  9238 | D        | Killed a titan
  9351 | D        | Killed a shadow dragon
  9486 | D        | Reached skill level 20 in Unarmed Combat
  9653 | D        | Noticed a shadow dragon
  9654 | D        | Reached XP level 16. HP: 183/183 MP: 21/21
  9662 | D        | Killed a shadow dragon
  9662 | D        | Killed a shadow dragon
  9665 | D        | Reached skill level 15 in Throwing
  9667 | D        | Got a glittering glass ring
  9707 | D        | Got a silver rune of Zot
  9712 | D        | Identified Sif Muna's Tome of Virous Dislocation
  9740 | D        | Identified the ring of Scepticism {Wiz rN+++ Dex+6 Stlth-} (You took it off a frost giant in the Dungeon)
 10337 | D        | Bought a scroll of holy word for 90 gold pieces
 10530 | D        | Noticed a greater mummy
 10530 | D        | Noticed a greater mummy
 10840 | D        | Killed a greater mummy
 10840 | D        | Reached skill level 15 in Stealth
 10843 | D        | Got a brightly glowing battleaxe {freeze}
 10891 | D        | Got a brightly glowing large shield
 10902 | D        | Identified the +4 large shield of the Gate {rF- Str+4} (You acquired it in the Dungeon)
 10966 | D        | Killed a greater mummy
 10966 | D        | Reached skill level 10 in Bows
 10966 | D        | Reached skill level 10 in Shields
 10982 | D        | Got a golden rune of Zot
 10987 | D        | Identified the Reference Book on Ghastly Transformation
 11490 | D        | Noticed Boris
 11503 | D        | Killed Boris
 11503 | D        | Reached skill level 21 in Unarmed Combat
 11677 | D        | Found Xehed's Armour Emporium.
 11677 | D        | Found Hugo's Gadget Shop.
 11677 | D        | Found Resemm's Armour Shop.
 11677 | D        | Found Mestoipsi's Distillery.
 11682 | D        | Bought a potion of agility for 40 gold pieces
 11682 | D        | Bought a potion of curing for 30 gold pieces
 11682 | D        | Bought a potion of heal wounds for 50 gold pieces
 11682 | D        | Bought a potion of haste for 100 gold pieces
 11682 | D        | Bought a potion of heal wounds for 50 gold pieces
 11692 | D        | Found Zumeyj's Gadget Boutique.
 11954 | D        | Noticed Mara
 11964 | D        | Noticed Kidiri's illusion
 11983 | D        | Killed Mara
 12036 | D        | Noticed an ancient champion
 12042 | D        | Killed an ancient champion
 12120 | D        | Noticed Roxanne
 12124 | D        | Killed Roxanne
 12124 | D        | Reached skill level 10 in Evocations
 12191 | D        | Noticed a storm dragon
 12277 | D        | Noticed Nikola
 12283 | D        | Killed Nikola
 12283 | D        | Reached XP level 17. HP: 175/194 MP: 23/23
 12380 | D        | Reached skill level 22 in Unarmed Combat
 12524 | D        | Noticed Geryon
 12536 | D        | Killed Geryon
 12648 | D        | Noticed an iron giant
 12651 | D        | Killed an iron giant
 12700 | D        | Noticed a Hell Sentinel
 12700 | D        | Noticed Dispater
 12735 | D        | Noticed a Hell Sentinel
 12741 | D        | Killed a Hell Sentinel
 12748 | D        | Got a dazzling scarf
 12748 | D        | Got a distressingly furry large shield
 12759 | D        | Identified the scarf of Kuurynot {Stlth+} (You found it in the Dungeon)
 12769 | D        | Identified the +4 large shield "Recomaed" {rPois} (You found it in the Dungeon)
 12848 | D        | Noticed a Hell Sentinel
 12850 | D        | Killed a Hell Sentinel
 12853 | D        | Killed a Hell Sentinel
 12859 | D        | Killed Dispater
 12859 | D        | Reached skill level 23 in Unarmed Combat
 12870 | D        | Got an iron rune of Zot
 12873 | D        | Got a crude long sword
 13017 | D        | Identified the +2 long sword "Kaicoff" {flame, -Tele +Inv rPois Dex+8} (You found it in the Dungeon)
 13115 | D        | Noticed an Ice Fiend
 13120 | D        | Killed an Ice Fiend
 13120 | D        | Reached skill level 15 in Armour
 13124 | D        | Got a slimy shortbow
 13142 | D        | Noticed an Ice Fiend
 13148 | D        | Killed an Ice Fiend
 13259 | D        | Noticed an Ice Fiend
 13261 | D        | Killed an Ice Fiend
 13330 | D        | Noticed Antaeus
 13337 | D        | Noticed an Ice Fiend
 13342 | D        | Killed an Ice Fiend
 13416 | D        | Noticed an Ice Fiend
 13417 | D        | Killed an Ice Fiend
 13482 | D        | Identified the +1 shortbow of the Tundras {venom, rC+} (You found it in the Dungeon)
 13542 | D        | Noticed Mennas
 13571 | D        | Killed Mennas
 13571 | D        | Reached skill level 15 in Shields
 13571 | D        | Reached XP level 18. HP: 203/211 MP: 25/25
 13757 | D        | Noticed Nessos
 13763 | D        | Killed Nessos
 13772 | D        | Gained mutation: You are dopey. (Int -2) [a shining eye]
 13773 | D        | Lost mutation: Scrolls take you a little longer to read. [a shining eye]
 13783 | D        | Reached skill level 24 in Unarmed Combat
 14032 | D        | Noticed a Killer Klown
 14043 | D        | Killed a Killer Klown
 14070 | D        | Noticed an Orb Guardian
 14070 | D        | Noticed an Orb Guardian
 14071 | D        | Killed an Orb Guardian
 14071 | D        | Killed an Orb Guardian
 14097 | D        | Noticed an ancient lich
 14102 | D        | Killed an ancient lich
 14109 | D        | Noticed an electric golem
 14118 | D        | Killed an electric golem
 14845 | D        | Noticed the 27-headed Lernaean hydra
 14850 | D        | Killed the 26-headed Lernaean hydra
 14850 | D        | Reached skill level 25 in Unarmed Combat
 14858 | D        | Got a decaying rune of Zot
 14974 | D        | Found a viscous altar of Jiyva.
 14974 | D        | Noticed the Royal Jelly
 14980 | D        | Gained mutation: Your magical capacity is low. (-10% MP) [a shining eye]
 15300 | D        | Paralysed by a floating eye for 2 turns
 15311 | D        | Killed the Royal Jelly
 15391 | D        | Got a slimy rune of Zot
 15402 | D        | Got a smoking rapier
 15403 | D        | Identified the cursed +1 rapier of Checks and Balances {protect, rN+ Int-2 Dex+4} (You found it in the Dungeon)
 15561 | D        | Bought a scroll of enchant armour for 75 gold pieces
 15561 | D        | Bought a scroll of remove curse for 30 gold pieces
 15933 | D        | Noticed the Serpent of Hell
 15935 | D        | Noticed a Brimstone Fiend
 16022 | D        | Killed the Serpent of Hell
 16022 | D        | Reached XP level 19. HP: 142/222 MP: 21/25
 16024 | D        | Killed a Brimstone Fiend
 16514 | D        | Identified the Volume of Mutagenic Toxins
 16523 | D        | Got an obsidian rune of Zot
 16527 | D        | Got a slimy longbow
 16527 | D        | Got a transparent giant spiked club
 17068 | D        | Killed Antaeus
 17068 | D        | Reached skill level 26 in Unarmed Combat
 17072 | D        | Got an icy rune of Zot
 17220 | D        | Noticed Gloorx Vloq
 17225 | D        | Killed Gloorx Vloq
 17290 | D        | Noticed a greater mummy
 17294 | D        | Killed a greater mummy
 17311 | D        | Noticed a greater mummy
 17312 | D        | Noticed a greater mummy
 17312 | D        | Noticed Ereshkigal
 17313 | D        | Killed a greater mummy
 17314 | D        | Killed a greater mummy
 17317 | D        | Killed Ereshkigal
 17317 | D        | Reached skill level 27 in Unarmed Combat
 17326 | D        | Got a bone rune of Zot
 17672 | D        | Noticed Tiamat
 17677 | D        | Killed Tiamat
 17677 | D        | Reached XP level 20. HP: 188/236 MP: 26/26
 17716 | D        | Noticed an orb of fire
 17728 | D        | Gained mutation: You are weak. (Str -2) [an orb of fire]
 17733 | D        | Killed an orb of fire
 17781 | D        | Got the Orb of Zot
 17797 | D        | Lost mutation: You are dopey. (Int -2) [mutagenic glow]
 17839 | D        | Noticed Luisaew the pandemonium lord
 17851 | D        | Killed Luisaew the pandemonium lord
 17851 | D        | Reached skill level 15 in Evocations
 17854 | D        | Gained mutation: Potions are less effective at restoring your health. [mutagenic glow]
 17909 | D        | Gained mutation: You are dopey. (Int -2) [mutagenic glow]
 17936 | D        | Gained mutation: Scrolls take you a little longer to read. [mutagenic glow]
 17967 | D        | Gained mutation: You are very dopey. (Int -4) [mutagenic glow]
 17989 | D        | Bought a potion of cancellation for 104 gold pieces
 18056 | D        | Noticed Nellie
 18064 | D        | Killed Nellie
 18073 | D        | Got a demonic rune of Zot
 18111 | D        | Noticed Faerutt the pandemonium lord
 18111 | D        | Killed Faerutt the pandemonium lord
 18173 | D        | Noticed Ebrain the pandemonium lord
 18185 | D        | Killed Ebrain the pandemonium lord
 18274 | D        | Escaped with the Orb!

Vault maps used:
D:        dungeon_sprint_mu

Skill      XL: |  1  2  3  4  5  6  7  8  9 10 11 12 13 14 15 16 17 18 19 20 |
---------------+-------------------------------------------------------------+-----
Dodging        | 3 4 5 6 7 8 9 11 12 13 14 16 17 19 21 23 24 25 | 25.6
Armour         | 1 3 4 5 6 7 8 9 10 11 12 14 15 16 17 18 | 18.7
Fighting       | 3 4 5 7 8 9 11 12 13 14 15 17 18 20 22 23 25 | 25.0
Stealth        | 2 3 4 5 6 7 8 9 10 11 13 14 15 17 18 20 | 20.8
Unarmed Combat | 4 6 7 8 10 11 12 14 15 16 18 20 21 23 25 27 | 27.0
Bows           | 1 3 5 6 7 8 9 10 | 10.2
Throwing       | 4 6 10 12 14 17 18 19 20 21 | 21.4
Evocations     | 4 6 8 10 11 13 14 15 | 15.7
Shields        | 3 8 12 15 17 20 21 | 21.4

Action                   |  1- 3 |  4- 6 |  7- 9 | 10-12 | 13-15 | 16-18 | 19-21 || total
-------------------------+-------+-------+-------+-------+-------+-------+-------++-------
Melee: Unarmed           |    27 |    29 |    84 |   323 |   476 |   635 |   240 ||  1814
       Punch             |       |       |     5 |    22 |    50 |       |       ||    77
       Longbow           |       |       |       |       |     2 |       |       ||     2
 Fire: Shortbow          |       |       |       |    29 |       |       |       ||    29
       Longbow           |       |       |       |       |    42 |       |       ||    42
Throw: Javelin           |       |       |       |     8 |       |     1 |       ||     9
       Large rock        |       |       |       |       |     3 |     5 |       ||     8
       Throwing net      |       |       |       |       |       |     2 |       ||     2
Invok: Serpent's Lash    |       |       |     1 |    13 |    16 |    17 |     4 ||    51
       Heavenly Storm    |       |       |     2 |    10 |     9 |    22 |     7 ||    50
 Abil: Evoke Flight      |       |       |       |       |    12 |     9 |     3 ||    24
Evoke: Horn of Geryon    |       |       |       |       |       |     1 |       ||     1
       Wand              |       |       |       |       |       |     2 |     5 ||     7
  Use: Potion            |     2 |     1 |       |     3 |     1 |       |     8 ||    15
       Scroll            |       |       |       |     6 |    14 |    20 |     2 ||    42
 Stab: Sleeping          |     3 |     1 |     4 |     6 |    31 |    23 |     6 ||    74
       Distracted        |       |       |       |     3 |     6 |     5 |       ||    14
       Held in net/web   |       |       |       |       |     1 |       |       ||     1
  Eat: Chunk             |     3 |     5 |     4 |    27 |    27 |    12 |     3 ||    81
       Royal jelly       |       |       |       |       |    13 |    17 |       ||    30
       Fruit             |       |       |       |       |     4 |     7 |       ||    11
       Bread ration      |       |       |       |       |       |     1 |     4 ||     5
       Meat ration       |       |       |       |       |       |       |     1 ||     1
Armor: Robe              |     4 |    11 |    16 |    39 |    36 |     2 |       ||   108
       Ice dragon scales |       |       |       |       |    26 |    62 |    19 ||   107
       Fire dragon scale |       |       |       |       |       |     2 |     6 ||     8
Dodge: Dodged            |     9 |     7 |    51 |   176 |   167 |   142 |    40 ||   592
       Deflected         |       |       |       |       |     4 |     4 |       ||     8
Block: Large shield      |       |       |       |       |    45 |   309 |   130 ||   484
       Reflection        |       |       |       |       |     5 |    32 |     4 ||    41
